[ PARTIDA AOE2 · #488993316 ]
UnrankedMongoles vs Japanese
Equipo del jugador · DERR
Equipo rival · VICT
[ ANÁLISIS DE REPETICIÓN · EXTRAÍDO DE LA PARTIDA GRABADA ]
Feudal
10:05
Castillos
—
Imperial
—
| APM promedio | 68.4 |
| APM pico | 103 |
| eAPM promedio | 22.1 |
| Aldeanos / militares | 37 / 12 |
Foco
⚔️ 44.5% · 🌾 55.5%
Archer ×8 · Militia ×4
Feudal
12:50
Castillos
—
Imperial
—
| APM promedio | 64.2 |
| APM pico | 114 |
| eAPM promedio | 25.9 |
| Aldeanos / militares | 39 / 20 |
Foco
⚔️ 41.4% · 🌾 58.6%
Militia ×18 · Skirmisher ×2
Mapa de la partida
Recursos iniciales + cada clic de construcción. Líneas = muros · curvas = relieve. ◆ oro · ⬟ piedra · ● bayas · ✦ reliquia · ◌ hueco del cierre
Tu base· Abierta — el rival se encerró
Base de RoR | Benanji· ✓ Cerrada en 12:00 · 43t muro · sin puerta
Terreno inicial suavizado · ◌ = hueco del cierre detectado · pasá el cursor para detalles
Inputs por minuto
— Champi Warrior - - RoR | Benanji
Build order — Champi Warrior
80 acciones detectadas en el replay
| 0:01 | Crear | Villager (Male) |
| 0:01 | Crear | Villager (Male) |
| 0:01 | Crear | Villager (Male) |
| 0:01 | Crear | Villager (Male) |
| 0:02 | Crear | Villager (Male) |
| 0:02 | Construir | House |
| 0:03 | Construir | House |
| 1:34 | Crear | Villager (Male) |
| 1:35 | Crear | Villager (Male) |
| 1:50 | Construir | Lumber Camp |
| 1:59 | Crear | Villager (Male) |
| 1:59 | Crear | Villager (Male) |
| 2:41 | Crear | Villager (Male) |
| 2:41 | Crear | Villager (Male) |
| 2:51 | Crear | Villager (Male) |
| 2:51 | Crear | Villager (Male) |
| 3:53 | Construir | House |
| 4:10 | Crear | Villager (Male) |
| 4:24 | Crear | Villager (Male) |
| 4:55 | Crear | Villager (Male) |
| 5:04 | Construir | Barracks |
| 5:09 | Crear | Villager (Male) |
| 5:13 | Construir | Palisade Wall |
| 5:43 | Crear | Villager (Male) |
| 5:55 | Crear | Militia |
| 5:55 | Crear | Militia |
| 6:09 | Crear | Villager (Male) |
| 6:11 | Investigar | Loom |
| 6:43 | Crear | Villager (Male) |
| 6:47 | Construir | House |
| 6:54 | Crear | Villager (Male) |
| 7:15 | Construir | Mill |
| 7:48 | Investigar | Feudal Age |
| 7:49 | Investigar | Feudal Age |
| 8:15 | Construir | Mill |
| 8:20 | Crear | Militia |
| 8:32 | Construir | House |
| 9:08 | Crear | Militia |
| 9:09 | Crear | Villager (Male) |
| 10:05 | Edad | Edad Feudal |
| 10:08 | Investigar | Man-at-Arms (upgrade) |
| 10:31 | Crear | Villager (Male) |
| 10:31 | Crear | Villager (Male) |
| 11:08 | Crear | Villager (Male) |
| 11:32 | Construir | Archery Range |
| 11:33 | Crear | Villager (Male) |
| 11:34 | Crear | Villager (Male) |
| 12:04 | Construir | Mining Camp |
| 12:16 | Crear | Villager (Male) |
| 12:17 | Crear | Villager (Male) |
| 12:24 | Construir | Archery Range |
| 12:36 | Crear | Villager (Male) |
| 12:36 | Crear | Villager (Male) |
| 12:43 | Crear | Archer |
| 12:47 | Crear | Villager (Male) |
| 13:06 | Construir | House |
| 13:10 | Crear | Villager (Male) |
| 13:16 | Crear | Archer |
| 13:23 | Construir | Palisade Wall |
| 13:25 | Construir | Palisade Wall |
| 13:27 | Construir | Palisade Wall |
| 13:28 | Construir | Palisade Wall |
| 13:30 | Construir | Palisade Wall |
| 13:33 | Construir | Palisade Wall |
| 13:38 | Crear | Villager (Male) |
| 13:48 | Crear | Archer |
| 13:49 | Crear | Archer |
| 13:49 | Crear | Archer |
| 14:11 | Crear | Villager (Male) |
| 14:25 | Crear | Archer |
| 14:25 | Crear | Archer |
| 14:26 | Crear | Villager (Male) |
| 14:32 | Construir | House |
| 14:37 | Crear | Archer |
| 14:46 | Construir | Palisade Wall |
| 15:03 | Crear | Villager (Male) |
| 15:06 | Construir | Palisade Wall |
| 15:08 | Construir | Palisade Wall |
| 15:10 | Construir | Palisade Wall |
| 15:10 | Construir | Palisade Wall |
Build order — RoR | Benanji
102 acciones detectadas en el replay
| 0:00 | Crear | Villager (Male) |
| 0:01 | Construir | House |
| 0:02 | Construir | House |
| 0:02 | Crear | Villager (Male) |
| 0:02 | Crear | Villager (Male) |
| 0:08 | Crear | Villager (Male) |
| 0:08 | Crear | Villager (Male) |
| 1:37 | Crear | Villager (Male) |
| 1:37 | Crear | Villager (Male) |
| 1:58 | Crear | Villager (Male) |
| 1:58 | Crear | Villager (Male) |
| 2:08 | Crear | Villager (Male) |
| 2:08 | Crear | Villager (Male) |
| 2:11 | Construir | Lumber Camp |
| 2:41 | Crear | Villager (Male) |
| 2:41 | Crear | Villager (Male) |
| 2:54 | Crear | Villager (Male) |
| 3:25 | Crear | Villager (Male) |
| 3:30 | Construir | House |
| 3:45 | Crear | Villager (Male) |
| 4:21 | Construir | Barracks |
| 4:31 | Crear | Villager (Male) |
| 4:31 | Crear | Villager (Male) |
| 4:46 | Crear | Villager (Male) |
| 4:46 | Crear | Villager (Male) |
| 4:50 | Construir | House |
| 5:16 | Crear | Militia |
| 5:16 | Crear | Militia |
| 5:38 | Crear | Militia |
| 5:43 | Crear | Villager (Male) |
| 6:22 | Crear | Villager (Male) |
| 6:23 | Crear | Villager (Male) |
| 6:38 | Crear | Militia |
| 6:44 | Construir | Mill |
| 6:47 | Construir | Mining Camp |
| 6:51 | Construir | Palisade Wall |
| 6:52 | Crear | Villager (Male) |
| 7:08 | Crear | Militia |
| 7:10 | Crear | Villager (Male) |
| 7:25 | Crear | Villager (Male) |
| 7:31 | Crear | Militia |
| 7:31 | Crear | Militia |
| 7:34 | Construir | House |
| 7:44 | Crear | Villager (Male) |
| 7:45 | Crear | Villager (Male) |
| 7:47 | Construir | House |
| 8:05 | Construir | Farm |
| 8:09 | Crear | Villager (Male) |
| 8:12 | Crear | Militia |
| 8:54 | Crear | Militia |
| 8:55 | Crear | Villager (Male) |
| 9:04 | Crear | Militia |
| 9:05 | Crear | Villager (Male) |
| 9:08 | Construir | Palisade Wall |
| 9:48 | Crear | Militia |
| 9:49 | Crear | Villager (Male) |
| 9:50 | Investigar | Loom |
| 9:51 | Construir | Farm |
| 9:52 | Construir | Farm |
| 10:38 | Construir | Farm |
| 10:41 | Investigar | Feudal Age |
| 10:57 | Construir | Palisade Wall |
| 11:14 | Crear | Militia |
| 11:14 | Crear | Militia |
| 11:30 | Crear | Militia |
| 11:31 | Crear | Militia |
| 11:37 | Crear | Villager (Male) |
| 12:26 | Construir | Palisade Gate |
| 12:50 | Edad | Edad Feudal |
| 12:52 | Investigar | Man-at-Arms (upgrade) |
| 12:56 | Investigar | Arson |
| 12:57 | Crear | Villager (Male) |
| 12:58 | Construir | Archery Range |
| 13:11 | Construir | Palisade Wall |
| 13:13 | Construir | Palisade Wall |
| 13:14 | Construir | Palisade Wall |
| 13:20 | Investigar | Double-Bit Axe |
| 13:23 | Crear | Villager (Male) |
| 13:30 | Construir | Lumber Camp |
| 13:39 | Crear | Villager (Male) |
| 14:03 | Crear | Militia |
| 14:04 | Crear | Militia |
| 14:10 | Construir | Palisade Wall |
| 14:11 | Construir | Palisade Wall |
| 14:17 | Construir | Palisade Wall |
| 14:17 | Construir | Palisade Wall |
| 14:18 | Construir | Palisade Wall |
| 14:19 | Construir | Palisade Wall |
| 14:23 | Crear | Villager (Male) |
| 14:24 | Crear | Militia |
| 14:35 | Construir | Archery Range |
| 14:37 | Construir | House |
| 15:08 | Construir | Archery Range |
| 15:12 | Crear | Villager (Male) |
| 15:13 | Construir | Palisade Wall |
| 15:15 | Construir | Palisade Wall |
| 15:21 | Crear | Villager (Male) |
| 15:27 | Construir | Palisade Gate |
| 15:28 | Construir | Palisade Wall |
| 15:30 | Construir | Palisade Wall |
| 15:34 | Crear | Skirmisher |
| 15:34 | Crear | Skirmisher |
Cronología de la partida
| 4:21 | RoR | Benanji · first_building Barracks |
| 5:04 | Champi Warrior · first_building Barracks |
| 5:13 | Champi Warrior · wall_segment Palisade Wall x1 |
| 6:51 | RoR | Benanji · wall_segment Palisade Wall x14 |
| 9:08 | RoR | Benanji · wall_segment Palisade Wall x15 |
| 10:05 | Champi Warrior · age_up feudal |
| 10:57 | RoR | Benanji · wall_segment Palisade Wall x14 |
| 11:32 | Champi Warrior · first_building Archery Range |
| 12:50 | RoR | Benanji · age_up feudal |
| 12:58 | RoR | Benanji · first_building Archery Range |
| 13:11 | RoR | Benanji · wall_segment Palisade Wall x1 |
| 13:13 | RoR | Benanji · wall_segment Palisade Wall x1 |
| 13:14 | RoR | Benanji · wall_segment Palisade Wall x1 |
| 13:23 | Champi Warrior · wall_segment Palisade Wall x1 |
| 13:25 | Champi Warrior · wall_segment Palisade Wall x1 |
| 13:27 | Champi Warrior · wall_segment Palisade Wall x1 |
| 13:28 | Champi Warrior · wall_segment Palisade Wall x1 |
| 13:30 | Champi Warrior · wall_segment Palisade Wall x1 |
| 13:33 | Champi Warrior · wall_segment Palisade Wall x1 |
| 14:10 | RoR | Benanji · wall_segment Palisade Wall x1 |
| 14:11 | RoR | Benanji · wall_segment Palisade Wall x2 |
| 14:17 | RoR | Benanji · wall_segment Palisade Wall x1 |
| 14:17 | RoR | Benanji · wall_segment Palisade Wall x1 |
| 14:18 | RoR | Benanji · wall_segment Palisade Wall x1 |
| 14:19 | RoR | Benanji · wall_segment Palisade Wall x1 |
| 14:46 | Champi Warrior · wall_segment Palisade Wall x1 |
| 15:06 | Champi Warrior · wall_segment Palisade Wall x1 |
| 15:08 | Champi Warrior · wall_segment Palisade Wall x1 |
| 15:10 | Champi Warrior · wall_segment Palisade Wall x1 |
| 15:10 | Champi Warrior · wall_segment Palisade Wall x1 |
| 15:13 | RoR | Benanji · wall_segment Palisade Wall x1 |
| 15:15 | RoR | Benanji · wall_segment Palisade Wall x1 |
| 15:28 | RoR | Benanji · wall_segment Palisade Wall x1 |
| 15:30 | RoR | Benanji · wall_segment Palisade Wall x1 |
| 15:37 | Champi Warrior · resign |
[ ANÁLISIS IA · 1 CRÉDITO ]
¿Qué pasó realmente en esta partida?
Wolo.gg analiza cada decisión: build order, eco, micro, errores típicos por bracket. Análisis personalizado por WhatsApp o Discord en 30 segundos.
Guía civ
Mongoles
Perfil
Biry (Champi Warrior)